 Dungeon Crawl Stone Soup version 0.31-a0-459-gc8a9bf3d51 (webtiles) character file.

Game seed: 13065884288053286672

19700 GordonOverkill the Thaumaturge (level 12, -3/81 HPs)
             Began as an Octopode Delver on Aug 4, 2023.
             Was a Believer of Vehumet.
             Slain by a skyshark (25 damage)
             ... on level 3 of the Lair of Beasts.
             The game lasted 00:46:21 (19616 turns).

GordonOverkill the Thaumaturge (Octopode Delver)   Turns: 19616, Time: 00:46:21

Health: -3/81      AC:  1    Str: 22    XL:     12   Next: 71%
Magic:  0/46       EV: 14    Int: 16    God:    Vehumet [**....]
Gold:   493        SH:  9    Dex: 21    Spells: 31/35 levels left

rFire   x . .        o - +3 dagger (speed)
rCold   + . .        B - +2 buckler
rNeg    + + .        (helmet restricted)
rPois   .            I - amulet of guardian spirit
rElec   .            r - +6 ring of strength
rCorr   .            y - +6 ring of dexterity
SInv    +            A - ring of magical power
Will    .....        C - ring of positive energy
Stlth   +++++++      F - ring of see invisible
HPRegen 0.33/turn    i - ring of positive energy
MPRegen 0.30/turn    n - ring of magical power
                     e - ring of Uthosin {Ice Str+5 Slay+5 Stlth+}

%: guardian spirit
@: no status effects
A: almost no armour, amphibious, 8 rings, camouflage 1, gelatinous body 1,
nimble swimmer 1, tentacles
a: Renounce Religion


You were on level 3 of the Lair of Beasts.
You worshipped Vehumet.
Vehumet was pleased with you.
You visited 3 branches of the dungeon, and saw 14 of its levels.
You also visited: Bailey.

You collected 733 gold pieces.
You spent 240 gold pieces at shops.

Inventory:

Hand Weapons
 a - a +0 short sword
 o - a +3 dagger of speed (weapon)
 p - a +0 short sword of draining
 w - the +6 mace "GordonOverkill's Foe" {freeze, Int+4}
   (You found it on level 2 of the Dungeon)

   Int:       It affects your intelligence (+4).
 x - a +2 short sword of protection
 O - a +1 demon whip of venom
Missiles
 c - 26 javelins
 j - 16 poisoned darts (quivered)
Armour
 B - a +2 buckler (worn)
Magical Staves
 s - a staff of poison
Jewellery
 e - the ring of Uthosin (on tentacle) {Ice Str+5 Slay+5 Stlth+}
   (You acquired it on level 1 of the Lair of Beasts)

   [ring of ice]

   It enhances your ice magic.
   Str:       It affects your strength (+5).
   Slay:      It affects your accuracy & damage with ranged weapons and melee
   (+5).
   rF:        It makes you vulnerable to fire.
   rC:        It protects you from cold.
   Stlth:     It makes you more stealthy.
 i - a ring of positive energy (on tentacle)
 n - a ring of magical power (on tentacle)
 r - a +6 ring of strength (left tentacle)
 y - a +6 ring of dexterity (right tentacle)
 A - a ring of magical power (on tentacle)
 C - a ring of positive energy (on tentacle)
 F - a ring of see invisible (on tentacle)
 I - an amulet of guardian spirit (around mantle)
 L - a +6 ring of intelligence
Wands
 k - a wand of polymorph (31)
 Q - a wand of flame (6)
 R - a wand of iceblast (3)
Scrolls
 b - a scroll of fog
 d - 3 scrolls of enchant armour
 g - a scroll of blinking
 l - a scroll of poison
 m - 5 scrolls of enchant weapon
 q - 4 scrolls of teleportation
 t - 2 scrolls of amnesia
 z - a scroll of torment
 D - a scroll of summoning {unknown}
 J - a scroll of fear
 P - a scroll of vulnerability {unknown}
Potions
 h - 6 potions of curing
 u - 2 potions of magic
 v - 3 potions of enlightenment
 E - a potion of ambrosia
 G - a potion of heal wounds
 H - 3 potions of mutation
 K - a potion of resistance
 M - a potion of haste
 N - 2 potions of brilliance


   Skills:
 - Level 7.0 Fighting
 - Level 4.0 Short Blades
 + Level 3.9 Maces & Flails
 - Level 2.0 Throwing
 - Level 3.0 Dodging
 - Level 8.0 Stealth
 - Level 8.0 Shields
 - Level 12.0 Spellcasting
 + Level 6.8 Conjurations
 + Level 6.8 Translocations
 - Level 4.0 Evocations


You had 31 spell levels left.
You knew the following spells:

 Your Spells              Type           Power      Damage    Failure   Level
a - Iskenderun's Mystic   Conj/Tloc      31%        2d8       4%          4

Your spell library contained the following spells:

 Spells                   Type           Power      Damage    Failure   Level
 Static Discharge         Conj/Air       40%        2-4/arc   3%          2
 Portal Projectile        Hex/Tloc       40%        N/A       6%          3
 Cigotuvi's Dreadful Rot  Necr/Pois/Air  18%        N/A       13%         2
 Tukima's Dance           Hex            9%         N/A       26%         3
 Dispel Undead            Necr           9%         3d8       63%         4
 Death Channel            Necr           4%         N/A       100%        6


Dungeon Overview and Level Annotations

Branches:
Dungeon (10/15)            Temple (1/1) D:6            Lair (3/5) D:9
  Swamp (0/4) Lair:2       Bailey (visited)
  Snake: Lair:2-3    Spider: Lair:2-3       Orc: D:9-12

Altars:
Ashenzari
Cheibriados
Elyvilon
Fedhas
Gozag
Hepliaklqana
Kikubaaqudgha
Makhleb
Nemelex Xobeh
Okawaru
Qazlal
Trog
Uskayaw
Vehumet
Wu Jian
Xom
Yredelemnul
The Shining One

Shops:
D:1 [

Annotations:
D:10 Lodul
Lair:2 exclusion: skyshark


Innate Abilities, Weirdness & Mutations

You cannot wear most types of armour.
You are amphibious.
You can wear up to eight rings at the same time.
Your skin changes colour to match your surroundings (Stealth+).
Your rubbery body absorbs attacks. (AC +1, EV +1)
You are camouflaged when in or above water. (Stealth+)
You have tentacles for arms and can constrict up to eight enemies at once.


Message History

Confirm with . or Enter, or press ? or * to list all spells.
You erupt in a blast of force!
The mystic blast hits the plant!
The plant is lightly damaged.
The mystic blast hits the skyshark.
The skyshark is severely wounded.
A nearby plant withers and dies.
The skyshark is engulfed in a cloud of scalding steam.
The skyshark bites you.
* * * LOW HITPOINT WARNING * * *
The skyshark tail-slaps you.
* * * LOW HITPOINT WARNING * * *
The skyshark tail-slaps you.
* * * LOW HITPOINT WARNING * * *
Casting: Iskenderun's Mystic Blast (dangerous; 4% risk of failure)
Confirm with . or Enter, or press ? or * to list all spells.
You erupt in a blast of force!
The mystic blast hits the skyshark but does no damage.
The skyshark is severely wounded.
The skyshark bites you but does no damage.
The skyshark tail-slaps you.
* * * LOW HITPOINT WARNING * * *
The skyshark barely misses you. You block the skyshark's attack.
The skyshark tail-slaps you.
* * * LOW HITPOINT WARNING * * *
The skyshark tail-slaps you!
* * * LOW HITPOINT WARNING * * *
Casting: Iskenderun's Mystic Blast (dangerous; 4% risk of failure)
Confirm with . or Enter, or press ? or * to list all spells.
You erupt in a blast of force!
The mystic blast hits the skyshark.
The skyshark is almost dead.
The skyshark closely misses you. The skyshark misses you.
The skyshark closely misses you.
Aiming: Iceblast
Press: ? - help, Shift-Dir - straight line, p - skyshark The mass of ice explodes!
The iceblast engulfs the skyshark!
The skyshark is almost dead.
The iceblast engulfs the plant!!
The plant begins to die.
The plant is lightly damaged.
The skyshark bites you!!
You die...

♣♣♣♣♣♣ ♣♣~~P~♣♣ ♣~~≈PP~♣♣♣ ###
######♣♣~≈≈≈≈≈≈~♣♣
#.####....♣♣~≈≈≈≈≈≈≈~~♣
#.........♣♣~§≈≈≈≈≈≈P~♣
####.........♣@l≈≈≈≈≈≈≈≈~♣ .
#............♣~~≈~§≈≈≈~PP♣..
####....#PP....#~~~P~~~~P~~...
#.#....####...#~P~~~P~PP~~~...
........P.#.....~~~~~~~P~~~...
................P~P~P~~PP~~...
.##P....##.#P.#.~~~~~.~P~~~...
.......####.....~~P~....P~~...
P..P.........................P


You could see a skyshark (berserk).

Vanquished Creatures
  A two-headed ogre (D:8)
  Amaemon (Lair:1)
  2 black mambas (Lair:2)
  4 cane toads (Lair:1)
  A gargoyle (D:10)
  An orange demon (Lair:1)
  Maggie (D:6)
  A rime drake (Lair:1)
  2 trolls
  6 komodo dragons
  A polar bear (Lair:2)
  Prince Ribbit (Lair:1)
  A hornet (D:10)
  11 blink frogs
  3 slime creatures (D:9)
  A wraith (D:10)
  2 wyverns
  A basilisk (Lair:1)
  18 yaks
  2 steam dragons
  Edmund (D:6)
  3 vampire mosquitoes (Lair:2)
  7 water moccasins
  11 orc warriors
  3 ice beasts (D:6)
  2 black bears (D:6)
  3 ogres
  3 wolves (Lair:2)
  13 centaurs
  A phantom (D:6)
  2 kobold brigands
  11 bullfrogs
  3 scorpions
  3 wights (D:9)
  8 killer bees (D:10)
  2 electric eels
  3 howler monkeys
  4 hounds
  7 orc priests
  3 jellies
  2 iguanas (D:5)
  4 sleepcaps
  10 orc wizards
  8 gnolls
  12 adders
  A shadow imp (D:3)
  An ufetubus (D:6)
  7 dart slugs
  4 worms
  54 orcs
  7 bats
  8 endoplasms
  2 giant cockroaches
  14 goblins
  6 hobgoblins
  8 jackals
  3 quokkas
  5 ball pythons
  2 frilled lizards
  15 kobolds
  4 rats
331 creatures vanquished.

Vanquished Creatures (others)
  An orc (D:9)
1 creature vanquished.

Grand Total: 332 creatures vanquished

Notes
Turn   | Place    | Note
-------+----------+-------------------------------------------
     0 | D:5      | GordonOverkill the Octopode Delver began the quest for the
                  | Orb.
     0 | D:5      | Reached XP level 1. HP: 16/16 MP: 1/1
    18 | D:5      | Noticed a hound
    49 | D:5      | Killed a hound
    50 | D:5      | Reached XP level 2. HP: 5/21 MP: 2/2
    50 | D:5      | Reached XP level 3. HP: 6/26 MP: 3/3
   310 | D:5      | Reached XP level 4. HP: 21/32 MP: 4/4
   453 | D:6      | Noticed a kobold brigand
   466 | D:6      | Noticed a black bear
   711 | D:6      | Reached XP level 5. HP: 37/37 MP: 5/5
   722 | D:6      | Noticed Maggie
   730 | D:6      | Killed Maggie
   731 | D:6      | Reached skill level 2 in Spellcasting
   731 | D:6      | Reached XP level 6. HP: 15/43 MP: 5/10
   836 | D:6      | Noticed a black bear
   920 | D:6      | Reached skill level 3 in Spellcasting
   920 | D:6      | Reached XP level 7. HP: 9/48 MP: 10/12
  1245 | D:5      | Reached skill level 1 in Throwing
  1265 | D:5      | Found an ornate altar of the Wu Jian Council.
  1744 | D:4      | Reached skill level 4 in Spellcasting
  2468 | D:4      | Reached skill level 5 in Spellcasting
  2468 | D:4      | Reached XP level 8. HP: 29/54 MP: 15/15
  2883 | D:3      | Identified the +3 plate armour of the Garden {rF+}
  3810 | D:2      | Identified the +3 spear of the Blue God {venom, rElec rN++
                  | MP-9 Dex+2}
  3867 | D:2      | Identified the +6 mace "GordonOverkill's Foe" {freeze,
                  | Int+4}
  4164 | D:2      | Reached skill level 6 in Spellcasting
  4692 | D:1      | Found Fingeuci's Antique Armour Boutique.
  4709 | D:1      | Bought a shiny buckler for 240 gold pieces
  5273 | D:6      | Reached skill level 1 in Shields
  5273 | D:6      | Reached skill level 1 in Evocations
  5294 | D:6      | Found a staircase to the Ecumenical Temple.
  5362 | Temple   | Entered the Ecumenical Temple
  5567 | D:6      | Noticed Edmund
  5610 | D:6      | Killed Edmund
  5611 | D:6      | Reached XP level 9. HP: 58/58 MP: 19/19
  5755 | D:6      | Reached skill level 7 in Spellcasting
  7511 | D:8      | Reached skill level 5 in Shields
  7549 | D:8      | Found a shimmering altar of Xom.
  7667 | D:8      | Noticed a two-headed ogre
  7690 | D:8      | Killed a two-headed ogre
  7691 | D:8      | Reached skill level 8 in Spellcasting
  7906 | D:8      | Reached XP level 10. HP: 63/63 MP: 22/22
  8283 | D:8      | Reached skill level 9 in Spellcasting
  8644 | D:9      | Found a radiant altar of Vehumet.
  8650 | D:9      | Became a worshipper of Vehumet
  8820 | D:9      | Found an iron altar of Okawaru.
  9923 | D:8      | Reached skill level 10 in Spellcasting
 10976 | D:8      | Reached skill level 11 in Spellcasting
 11193 | D:9      | Reached * piety under Vehumet
 11193 | D:9      | Offered knowledge of Magic Dart by Vehumet.
 11335 | D:8      | Reached XP level 11. HP: 48/69 MP: 25/26
 11634 | D:9      | Found a staircase to the Lair.
 11690 | D:9      | Found a burning altar of Makhleb.
 11772 | D:10     | Entered Level 10 of the Dungeon
 11772 | D:10     | Found a broken altar of Ashenzari.
 11940 | D:10     | Paralysed by a hornet for 2 turns
 12222 | D:10     | Found a flagged portal.
 12227 | Bailey   | Entered a bailey
 12879 | Bailey   | Reached skill level 12 in Spellcasting
 13430 | Bailey   | Reached skill level 5 in Fighting
 13927 | Bailey   | Reached ** piety under Vehumet
 14162 | D:10     | Noticed a two-headed ogre
 14202 | D:10     | Noticed Lodul
 14502 | D:10     | Noticed a two-headed ogre
 15046 | Lair:1   | Entered Level 1 of the Lair of Beasts
 15175 | Lair:1   | Offered knowledge of Poisonous Vapours by Vehumet.
 15238 | D:9      | Learned a level 4 spell: Iskenderun's Mystic Blast
 15370 | Lair:1   | Noticed Amaemon
 15408 | Lair:1   | Reached skill level 1 in Conjurations
 15408 | Lair:1   | Reached skill level 1 in Translocations
 15550 | Lair:1   | Noticed Prince Ribbit
 15583 | Lair:1   | Killed Prince Ribbit
 16202 | Lair:1   | Identified a scroll of acquirement
 16203 | Lair:1   | Acquired the ring of Uthosin {Ice Str+5 Slay+5 Stlth+}
 16248 | Lair:1   | Reached XP level 12. HP: 70/81 MP: 28/28
 16698 | Lair:1   | Reached skill level 5 in Conjurations
 16698 | Lair:1   | Reached skill level 5 in Translocations
 16943 | Lair:1   | Killed Amaemon
 17706 | Lair:2   | Reached skill level 1 in Maces & Flails
 18177 | Lair:2   | Noticed a skyshark
 18471 | Lair:2   | Found a staircase to the Swamp.
 18504 | Lair:1   | Offered knowledge of Static Discharge by Vehumet.
 19442 | Lair:3   | Noticed a seven-headed hydra
 19471 | Lair:3   | Noticed a skyshark
 19616 | Lair:3   | Slain by a skyshark

Illustrated notes

Levels and vault maps discovered:
D:1:      sevenhm_arrival_forest_fort_small_4, layout_basic, serial_shops, shop,
          serial_aquarium, aquarium_bridge_square [aquarium_subvault_bridge,
          aquarium_subvault_bridge, aquarium_subvault_bridge,
          aquarium_subvault_bridge], aquarium_window_3, aquarium_window_fake,
          aquarium_window_2, aquarium_view_2b, aquarium_view_2f,
          aquarium_balcony_3b
D:2:      layout_rooms
D:3:      layout_basic
D:4:      minmay_chambers_of_fours, layout_loops_cross
D:5:      layout_basic, nicolae_wu_jian_immortal_techniques
D:6:      layout_loops_ring, minmay_temple_entry_purple_smoke,
          serial_bayou_pond_e, uniq_maggie, uniq_edmund
D:7:      layout_basic, sigmund_army
D:8:      layout_loops_cross, brannock_xom_greatest_gift, minmay_statues_item
D:9:      layout_small_grid, lightli_temple_of_fire, nicolae_vehumet_radiance,
          mainiacjoe_overflow_alcove_4
D:10:     layout_small_grid, ashenzari_conservatory_becter, minitemple,
          enter_bailey_3, the_hattery, uniq_lodul
Temple:   nicolae_temple_bog_church
Lair:1:   layout_regular_city, infiniplex_staircase_pool_2, uniq_amaemon,
          uniq_prince_ribbit2
Lair:2:   layout_small_grid, minmay_swamp_entry_swarm, lemuel_old_faithful,
          grunt_megastairs_4
Lair:3:   layout_gridlike, hellmonk_spider_entry_not_the_bees,
          gauntlet_entry_generic, serial_bayou_shore_a, serial_bayou_shore_b

Skill      XL: |  1  2  3  4  5  6  7  8  9 10 11 12 |
---------------+-------------------------------------+-----
Stealth        | 7 8 |  8.0
Dodging        | 3 |  3.0
Short Blades   | 3 4 |  4.0
Fighting       | 4 7 |  7.0
Spellcasting   | 2 3 5 6 8 11 12 | 12.0
Throwing       | 2 |  2.0
Shields        | 3 6 8 |  8.0
Evocations     | 3 4 |  4.0
Conjurations   | 4 6 |  6.8
Translocations | 4 6 |  6.8
Maces & Flails | 3 |  3.9

Action                     |  1- 3 |  4- 6 |  7- 9 | 10-12 || total
---------------------------+-------+-------+-------+-------++-------
  Melee: Short sword       |    21 |    64 |    53 |       ||   138
         Tentacles         |     3 |    15 |    99 |   253 ||   370
         Constrict         |     3 |     8 |    84 |    74 ||   169
         Dagger            |       |       |   340 |   774 ||  1114
         Punch             |       |       |     5 |    23 ||    28
  Throw: Dart              |       |       |    17 |    51 ||    68
         Boomerang         |       |       |     9 |   159 ||   168
   Cast: Iskenderun's Myst |       |       |       |    10 ||    10
  Evoke: Wand              |       |       |     9 |    31 ||    40
    Use: Potion            |       |     4 |       |     3 ||     7
         Scroll            |       |       |     7 |    16 ||    23
   Stab: Sleeping          |     1 |     2 |    52 |    18 ||    73
         Distracted        |     1 |       |       |     3 ||     4
         Invisible         |       |       |     3 |       ||     3
 Armour: Skin              |       |    19 |     9 |    14 ||    42
  Dodge: Dodged            |    14 |    23 |   110 |   325 ||   472
  Block: Buckler           |       |       |    40 |   261 ||   301

Table legend: (Time is in decaauts)
 A = Elapsed time spent in this place.
 B = Non-inter-level travel time spent in this place.
 C = Inter-level travel time spent in this place.
 D = Time resting spent in this place.
 E = Time spent auto-exploring this place.
 F = Levels seen in this place.
 G = Mean time per level.
                   A        B        C        D        E       F      G
               +--------+--------+--------+--------+--------+-----+--------+
         Total |  19133 |  17909 |   1224 |   6780 |   6364 |  15 | 1275.5 |
       Dungeon |  13019 |  11870 |   1149 |   3995 |   4533 |  10 | 1301.9 |
        Temple |      1 |      1 |      0 |      0 |      0 |   1 |    1.0 |
          Lair |   4325 |   4252 |     73 |   1775 |   1678 |   3 | 1441.7 |
        Bailey |   1786 |   1786 |      0 |   1010 |    153 |   1 | 1786.0 |
               +--------+--------+--------+--------+--------+-----+--------+

Top non-repeatable levels by time:
  Lair:1: 2571 daAuts
     D:9: 2382 daAuts
     D:8: 2325 daAuts
  Bailey: 1786 daAuts
  Lair:2: 1639 daAuts
     D:5: 1345 daAuts
     D:7: 1300 daAuts
     D:6: 1220 daAuts
     D:4: 1080 daAuts
    D:10: 1061 daAuts
     D:1: 950 daAuts
     D:3: 912 daAuts
     D:2: 439 daAuts
  Lair:3: 114 daAuts
  Temple: 1 daAuts
